 Dungeon Crawl Stone Soup version 0.26.1-2-gb8aa6d0cf2 (webtiles) character file.

Game seed: 5038549788969539898

283 Alarak the Gusty (level 6, 0/44 HPs)
             Began as a Gnoll Wanderer on Mar 21, 2021.
             Was an Initiate of Vehumet.
             Slain by a hobgoblin (1 damage)
             ... on level 2 of the Dungeon.
             The game lasted 00:08:40 (3773 turns).

Alarak the Gusty (Gnoll Wanderer)                   Turns: 3773, Time: 00:08:41

Health: 0/44       AC:  3    Str: 11    XL:     6   Next: 28%
Magic:  2/14       EV: 12    Int: 19    God:    Vehumet [......]
Gold:   111        SH:  0    Dex: 15    Spells: 11/15 levels left

rFire    . . .     SeeInvis .   u - +1 dagger (venom)
rCold    . . .     Faith    .   (no shield)
rNeg     . . .     Spirit   .   e - +0 robe
rPois    .         Reflect  .   (no helmet)
rElec    .         Harm     .   (no cloak)
rCorr    .         Rampage  .   (no gloves)
Will     .....                  b - +0 pair of boots
Stlth    ++........             (no amulet)
HPRegen  0.14/turn              (no ring)
MPRegen  0.14/turn              (no ring)

@: no status effects
A: distributed training, fangs 1, strong nose
a: Renounce Religion


You were on level 2 of the Dungeon.
You worshipped Vehumet.
Vehumet was noncommittal.
You visited 1 branch of the dungeon, and saw 4 of its levels.

You collected 111 gold pieces.

Inventory:

Hand Weapons
 u - a +1 dagger of venom (weapon)
Missiles
 c - 47 poisoned darts
 k - 2 atropa-tipped darts
 o - 6 datura-tipped darts
Armour
 b - a +0 pair of boots (worn)
 e - a +0 robe (worn)
 p - a +0 plate armour
 q - a +0 ring mail
Wands
 r - a wand of polymorph (6)
Scrolls
 a - a scroll of remove curse {unknown}
 f - 3 scrolls of teleportation
 g - 2 scrolls of fog {unknown}
 i - a scroll of amnesia {unknown}
 m - 2 scrolls of noise {unknown}
 n - 4 scrolls of identify {unknown}
 s - a scroll of enchant armour {unknown}
 t - a scroll of enchant weapon {unknown}
Potions
 d - a potion of might
 h - 2 potions of curing {unknown}
 j - a potion of degeneration {unknown}
 l - a potion of brilliance {unknown}


   Skills:
 + Level 1.9 Fighting
 + Level 1.9 Short Blades
 + Level 1.9 Long Blades
 + Level 1.9 Axes
 + Level 1.9 Maces & Flails
 + Level 1.9 Polearms
 + Level 1.9 Staves
 + Level 1.9 Slings
 + Level 1.9 Bows
 + Level 1.9 Crossbows
 + Level 3.2 Throwing
 + Level 1.9 Armour
 + Level 1.9 Dodging
 + Level 3.0 Stealth
 + Level 1.9 Shields
 + Level 1.9 Unarmed Combat
 + Level 5.3 Spellcasting
 + Level 1.5 Conjurations
 + Level 1.5 Hexes
 + Level 1.5 Summonings
 + Level 1.5 Necromancy
 + Level 1.5 Translocations
 + Level 1.5 Transmutations
 + Level 1.5 Fire Magic
 + Level 5.6 Ice Magic
 + Level 5.6 Air Magic
 + Level 1.5 Earth Magic
 + Level 1.5 Poison Magic
 + Level 2.1 Invocations
 + Level 1.9 Evocations


You had 11 spell levels left.
You knew the following spells:

 Your Spells              Type           Power        Failure   Level
a - Shock                 Conj/Air       72%          2%          1
b - Static Discharge      Conj/Air       18%          9%          3

Your spell library contained the following spells:

 Spells                   Type           Power        Failure   Level
 Swiftness                Air            26%          1%          2
 Corpse Rot               Necr/Air       N/A          4%          2
 Sublimation of Blood     Necr           5%           10%         2
 Airstrike                Air            13%          12%         4
 Lightning Bolt           Conj/Air       9%           58%         5


Dungeon Overview and Level Annotations

Branches:
Dungeon (4/15)
 Temple: D:4-7

Altars:
Fedhas
Hepliaklqana
Kikubaaqudgha
Makhleb
Vehumet
Yredelemnul

Annotations:
D:3 Terence


Innate Abilities, Weirdness & Mutations

Your experience applies equally to all skills.
You have very sharp teeth.
Your uncanny sense of smell can sniff out nearby items.


Message History

The gnoll closely misses you.
Casting: Static Discharge (dangerous; 9% risk of failure)
Confirm with . or Enter, or press ? or * to list all spells.
The gnoll is struck by an arc of lightning!
You kill the gnoll!
Vehumet accepts your kill.
The lightning grounds out.
The hobgoblin closely misses you.
A gnoll comes into view. It is wielding a +0 club.
Casting: Static Discharge (dangerous; 9% risk of failure)
Confirm with . or Enter, or press ? or * to list all spells.
The hobgoblin is struck by an arc of lightning.
The hobgoblin is severely wounded.
The gnoll is struck by an arc of lightning!
You kill the gnoll!
Vehumet accepts your kill.
The lightning grounds out.
You hear a shout!
A kobold comes into view. It is wielding a +0 whip.
The hobgoblin hits you.
You die...

#.###
##...####
#(......#
#.#####.#
#.####.# #
#....(# ###
##.####(# ...
.......(###.#
###
.....##@g..#
.## ####
#))...# ...
Kg.....# ###
.. ..
###.......
#.#.# .#.....
....# .#g####
#.#.# #####
#..#
#.#.###...##
# #
#...##.....##


You could see 2 gnolls, a hobgoblin and a kobold.

Vanquished Creatures
  3 hounds
  A bullfrog skeleton (D:4)
  An iguana (D:4)
  Robin (D:2)
  5 gnolls (D:2)
  An adder (D:2)
  An adder zombie (D:3)
  2 worms (D:2)
  2 dart slugs (D:1)
  3 leopard geckos (D:1)
  4 orcs
  6 giant cockroaches
  8 hobgoblins
  3 quokkas
  A ball python (D:4)
  3 bats
  4 frilled lizards
  11 goblins
  6 kobolds (D:1)
  4 rats
70 creatures vanquished.

Vanquished Creatures (others)
  3 withered plants (D:3)
3 creatures vanquished.

Grand Total: 73 creatures vanquished

Notes
Turn   | Place    | Note
-------+----------+-------------------------------------------
     0 | D:1      | Alarak the Gnoll Wanderer began the quest for the Orb.
     0 | D:1      | Alarak set off with the following items: a +0 dagger, 13
                  | poisoned darts, a +0 robe; and the following spell
                  | memorised: Shock; and the following spells available to
                  | memorise: Swiftness, Corpse Rot, Static Discharge,
                  | Airstrike, Sublimation of Blood, Lightning Bolt
     0 | D:1      | Reached XP level 1. HP: 13/13 MP: 6/6
   257 | D:1      | Reached XP level 2. HP: 15/19 MP: 0/7
   997 | D:1      | Reached XP level 3. HP: 25/25 MP: 6/9
  1031 | D:1      | Reached skill level 5 in Spellcasting
  1552 | D:2      | Learned a level 3 spell: Static Discharge
  1585 | D:2      | Reached skill level 1 in Invocations
  1679 | D:2      | Noticed Robin
  1683 | D:2      | Reached skill level 1 in Fighting
  1683 | D:2      | Reached skill level 1 in Short Blades
  1683 | D:2      | Reached skill level 1 in Long Blades
  1683 | D:2      | Reached skill level 1 in Axes
  1683 | D:2      | Reached skill level 1 in Maces & Flails
  1683 | D:2      | Reached skill level 1 in Polearms
  1683 | D:2      | Reached skill level 1 in Staves
  1683 | D:2      | Reached skill level 1 in Slings
  1683 | D:2      | Reached skill level 1 in Bows
  1683 | D:2      | Reached skill level 1 in Crossbows
  1683 | D:2      | Reached skill level 1 in Armour
  1683 | D:2      | Reached skill level 1 in Dodging
  1683 | D:2      | Reached skill level 1 in Shields
  1683 | D:2      | Reached skill level 1 in Unarmed Combat
  1683 | D:2      | Reached skill level 1 in Evocations
  1818 | D:2      | Killed Robin
  1819 | D:2      | Reached XP level 4. HP: 19/32 MP: 0/11
  1913 | D:2      | HP: 1/32 [gnoll/+0 flail (5)]
  1916 | D:2      | Reached skill level 1 in Conjurations
  1916 | D:2      | Reached skill level 1 in Hexes
  1916 | D:2      | Reached skill level 1 in Summonings
  1916 | D:2      | Reached skill level 1 in Necromancy
  1916 | D:2      | Reached skill level 1 in Translocations
  1916 | D:2      | Reached skill level 1 in Transmutations
  1916 | D:2      | Reached skill level 1 in Fire Magic
  1916 | D:2      | Reached skill level 1 in Earth Magic
  1916 | D:2      | Reached skill level 1 in Poison Magic
  2415 | D:2      | Found a burning altar of Makhleb.
  2466 | D:2      | You fall into a shaft and drop 2 floors!
  2466 | D:4      | Found a radiant altar of Vehumet.
  2466 | D:4      | Found a basalt altar of Yredelemnul.
  2466 | D:4      | Found a hazy altar of Hepliaklqana.
  2482 | D:4      | Found a blossoming altar of Fedhas.
  2483 | D:4      | Found an ancient bone altar of Kikubaaqudgha.
  2501 | D:4      | Became a worshipper of Vehumet
  2550 | D:4      | Reached XP level 5. HP: 21/37 MP: 1/12
  3229 | D:3      | Reached XP level 6. HP: 35/44 MP: 7/13
  3428 | D:3      | Noticed Terence
  3771 | D:2      | HP: 1/44 [gnoll/+0 spear (5)]
  3773 | D:2      | Slain by a hobgoblin

Illustrated notes

Levels and vault maps discovered:
D:1:      dpeg_arrival_ternary, layout_basic, glass_columns_a,
          minmay_split_cup_large
D:2:      layout_loops_ring, lemuel_round_altar, chequers_serial_rivers_large_a,
          uniq_robin
D:3:      layout_basic, general_overflow_altar, serial_undead, serial_undead_d,
          serial_undead_f, serial_undead_a, serial_undead_c, uniq_terence
D:4:      layout_cave_pools, minitemple

Skill      XL: |  1  2  3  4  5 |
---------------+----------------+-----
Spellcasting   | 5 |  5.3
Invocations    | 1 2 |  2.1
Fighting       | 1 |  1.9
Short Blades   | 1 |  1.9
Long Blades    | 1 |  1.9
Axes           | 1 |  1.9
Maces & Flails | 1 |  1.9
Polearms       | 1 |  1.9
Staves         | 1 |  1.9
Slings         | 1 |  1.9
Bows           | 1 |  1.9
Crossbows      | 1 |  1.9
Armour         | 1 |  1.9
Dodging        | 1 |  1.9
Shields        | 1 |  1.9
Unarmed Combat | 1 |  1.9
Evocations     | 1 |  1.9
Conjurations   | 1 |  1.5
Hexes          | 1 |  1.5
Summonings     | 1 |  1.5
Necromancy     | 1 |  1.5
Translocations | 1 |  1.5
Transmutations | 1 |  1.5
Fire Magic     | 1 |  1.5
Earth Magic    | 1 |  1.5
Poison Magic   | 1 |  1.5
Throwing       | 3 |  3.2
Stealth        | 3 |  3.0
Ice Magic      | |  5.6
Air Magic      | |  5.6

Action                   |  1- 3 |  4- 6 || total
-------------------------+-------+-------++-------
Melee: Dagger            |    22 |    44 ||    66
       Bite              |     1 |     4 ||     5
       Punch             |       |     1 ||     1
Throw: Dart              |     2 |       ||     2
 Cast: Shock             |    65 |    76 ||   141
       Static Discharge  |     4 |    13 ||    17
  Use: Potion            |       |     2 ||     2
       Scroll            |       |     1 ||     1
Armor: Robe              |     8 |    11 ||    19
Dodge: Dodged            |    23 |    53 ||    76
